 Dungeon Crawl Stone Soup version 0.21-a0-404-g291f19a (webtiles) character file.

41475 KristoblXynda the Carver (level 13, -6/83 HPs)
             Began as a Demonspawn Gladiator on Oct 28, 2017.
             Was the Champion of Okawaru.
             Mangled by a large slime creature (24 damage)
             ... on level 15 of the Dungeon.
             The game lasted 00:37:38 (15006 turns).

KristoblXynda the Carver (Demonspawn Gladiator)    Turns: 15006, Time: 00:37:39

Health: -6/83      AC: 25    Str: 19    XL:     13   Next: 80%
Magic:  0/20       EV: 19    Int: 19    God:    Okawaru [******]
Gold:   1180       SH:  0    Dex: 18    Spells: 12/12 levels left

rFire    + . .     SeeInvis .   K - +7 scimitar (flame)
rCold    . . .     Gourm    +   (no shield)
rNeg     + . .     Faith    .   z - +5 chain mail of the Gloaming {rElec rPois Str-5 Dex+2}
rPois    +         Spirit   +   (helmet unavailable)
rElec    +         Reflect  .   o - +0 cloak
rCorr    .         Harm     .   M - +1 pair of gloves {Str+3}
MR       +....                  y - +0 pair of boots
Stlth    ..........             p - amulet of the gourmand
HPRegen  0.23/turn              B - +6 ring of evasion
MPRegen  0.34/turn              I - ring "Hoossul" {MR+ Str+3 Int+9}

@: no status effects
A: horns 3, slimy green scales 2, fire resistance 1, negative energy resistance
1, magic shield, magic regeneration, flame cloud immunity
a: Heroism, Finesse, Renounce Religion


You were on level 15 of the Dungeon.
You worshipped Okawaru.
Okawaru was exalted by your worship.
You were completely stuffed.

You visited 2 branches of the dungeon, and saw 16 of its levels.

You collected 1180 gold pieces.

Inventory:

Hand Weapons
 r - the +4 Vampire's Tooth {vamp}
   (You found it on level 4 of the Dungeon)

   It inflicts no extra harm, but heals its wielder when it wounds a living foe.
 A - the +10 war axe "Ahuvvaant" {elec, rC- Str+3 Dex+6}
   (You found it on level 5 of the Dungeon)

   Occasionally, upon striking a foe, it will discharge some electrical energy
   and cause terrible harm.
   It affects your strength (+3).
   It affects your dexterity (+6).
   It makes you vulnerable to cold.
 C - the +1 war axe of Eternal Vigilance {freeze, +Fly rElec Int+6}
   (You took it off an orc warrior on level 6 of the Dungeon)

   It has been specially enchanted to freeze those struck by it, causing extra
   injury to most foes and up to half again as much damage against particularly
   susceptible opponents.
   It can also slow down cold-blooded creatures.
   It affects your intelligence (+6).
   It insulates you from electricity.
   It lets you fly.
 K - a +7 scimitar of flaming (weapon)
Missiles
 d - a throwing net
 g - 12 javelins (quivered)
 E - 3 steel javelins
 L - 4 javelins of penetration
Armour
 o - a +0 cloak (worn)
 y - a +0 pair of boots (worn)
 z - the +5 chain mail of the Gloaming (worn) {rElec rPois Str-5 Dex+2}
   (You found it on level 9 of the Dungeon)

   It affects your strength (-5).
   It affects your dexterity (+2).
   It insulates you from electricity.
   It protects you from poison.
 M - a +1 pair of gloves of strength (worn)
 T - a scarf of cloud immunity
Jewellery
 b - an uncursed ring of resist corrosion
 e - a +4 ring of intelligence
 p - an amulet of the gourmand (around neck)
 B - a +6 ring of evasion (left hand)
 I - the ring "Hoossul" (right hand) {MR+ Str+3 Int+9}
   (You found it on level 12 of the Dungeon)

   [ring of strength]

   It affects your strength (+3).
   It affects your intelligence (+9).
   It affects your resistance to hostile enchantments.
 Q - an uncursed ring of poison resistance
 U - an uncursed ring of magical power
Wands
 h - a wand of scattershot (0/9)
 u - a wand of digging (16/24)
 S - a wand of clouds (7/9)
Scrolls
 n - 5 scrolls of fog
 t - 5 scrolls of teleportation
 v - 3 scrolls of fear
 w - a scroll of blinking
 x - 11 scrolls of remove curse
 D - a scroll of immolation
 F - 2 scrolls of vulnerability
Potions
 i - 6 potions of ambrosia
 j - 7 potions of curing
 l - a potion of cancellation
 m - 4 potions of heal wounds
 q - 2 potions of might
 s - 2 potions of magic
 J - 5 potions of flight
 O - a potion of resistance
 P - a potion of lignification
 R - a potion of mutation
Books
 a - a book of Conjurations

   Spells                             Type                      Level
   a - Magic Dart                     Conjuration                  1
   b - Searing Ray                    Conjuration                  2
   c - Dazzling Spray                 Conjuration/Hexes            3
   d - Fulminant Prism                Conjuration/Hexes            4
   e - Force Lance                    Conjuration/Translocation    4
   f - Iskenderun's Mystic Blast      Conjuration                  4
 H - a book of Cantrips

   Spells                             Type                      Level
   a - Confusing Touch                Hexes                        1
   b - Animate Skeleton               Necromancy                   1
   c - Summon Small Mammal            Summoning                    1
   d - Apportation                    Translocation                1
Comestibles
 c - 7 meat rations
 f - 11 bread rations
 k - 17 royal jellies
 G - 3 chunks of flesh
 N - 5 fruits


   Skills:
 - Level 2.0 Fighting
 + Level 13.1 Long Blades
 + Level 9.0 Throwing
 - Level 10.1 Armour
 + Level 9.0 Dodging
 - Level 10.2 Invocations
 - Level 5.3 Evocations


You had 12 spell levels left.
You didn't know any spells.

Dungeon Overview and Level Annotations

Branches:
Dungeon (15/15)            Temple (1/1) D:5            Lair (0/6) D:9
    Orc (0/2) D:10         Vaults (0/5) D:13         Depths (0/5) D:15

Altars:
Ashenzari
Cheibriados
Dithmenos
Elyvilon
Fedhas
Gozag
Hepliaklqana
Kikubaaqudgha
Makhleb
Nemelex Xobeh
Okawaru
Qazlal
Ru
Sif Muna
Trog
Uskayaw
Vehumet
Wu Jian
Xom
Yredelemnul
Zin
The Shining One

Shops:
D:8 %

Annotations:
D:7 Mamutox's ghost, novice HOFi


Innate Abilities, Weirdness & Mutations

You have a pair of large horns on your head.
You are mostly covered in slimy green scales. (AC +3)
Your flesh is heat resistant. (rF+)
You resist negative energy. (rN+)
When hurt, damage is shared between your health and your magic reserves.
You regenerate magic rapidly.
You are immune to clouds of flame.


Message History

You slash the hornet! You burn the hornet.
The hornet is severely wounded.
The hornet misses you.
You riposte.
You closely miss the hornet. You headbutt the hornet.
The hornet is almost dead.
You barely miss the hornet. You headbutt the hornet.
You kill the hornet!
Okawaru accepts your kill.
You slash the large slime creature! You burn the large slime creature.
The large slime creature is lightly wounded.
The large slime creature hits you!
* * * LOW HITPOINT WARNING * * *
You hit the large slime creature. You burn the large slime creature.
You headbutt the large slime creature, but do no damage.
The large slime creature is lightly wounded.
You barely miss the large slime creature.
You headbutt the large slime creature!
The large slime creature is moderately wounded.
The large slime creature hits you!!
You die...

yJ......#
#J.....#
#..J...# #.##J#
#.##y# #.##.#
### #.##.#######
#.###.##.......#
#.@J......####.#
#####.###.# #.#
## #.# #.# #.#
>## ..# #.# #.#
..## ####
#.####.#### #..#
#.#.......# #..#
#.#.......# #..#
#.#.......# #..#
#.......#


You could see a large slime creature.

Vanquished Creatures
  Josephine (D:10)
  5 hydras
  A rakshasa (D:14)
  2 ice dragons (D:15)
  2 vault guards (D:13)
  Erica (D:9)
  3 centaur warriors
  An ogre mage (D:15)
  11 two-headed ogres
  4 unseen horrors
  A slime creature (D:15)
  3 wizards (D:13)
  A manticore (D:15)
  A cyclops (D:13)
  A deep elf mage (D:14)
  3 centaur zombies
  Maurice (D:10)
  A gargoyle (D:15)
  A tengu conjurer (D:15)
  An efreet (D:13)
  4 trolls
  2 hornets (D:15)
  3 meliai (D:14)
  4 hippogriffs
  A shadow (D:15)
  A vampire (D:10)
  7 wraiths
  18 humans (D:13)
  5 vampire mosquitoes (D:15)
  3 yaks (D:10)
  Menkaure (D:5)
  2 hungry ghosts
  Grum (D:10)
  Edmund (D:5)
  2 acid dragons (D:15)
  A soldier ant (D:12)
  6 porcupines (D:9)
  A black bear (D:9)
  A soldier ant (shapeshifter) (D:14)
  7 orc warriors
  4 ice beasts
  4 phantoms
  2 wolves (D:10)
  A sky beast (D:7)
  8 ogres
  3 eyes of draining
  10 centaurs
  2 crocodiles
  7 bullfrogs
  A wyvern zombie (D:14)
  5 scorpions
  5 killer bees (D:12)
  2 vampire bats (D:4)
  8 electric eels
  4 crimson imps
  3 bullfrog zombies
  5 hounds
  8 jellies
  12 orc wizards
  A quasit (D:11)
  11 orc priests
  A bullfrog skeleton (D:13)
  3 centaur skeletons
  An iguana (D:7)
  4 worker ants
  A hound zombie (D:9)
  A hound skeleton (D:9)
  A howler monkey zombie (D:7)
  2 worker ant zombies (D:8)
  A howler monkey skeleton (D:7)
  7 adders
  4 gnolls (D:4)
  3 shadow imps
  5 oozes (D:8)
  An adder zombie (D:5)
  3 worms
  2 dart slugs
  8 leopard geckos
  44 orcs
  11 giant cockroaches
  7 goblins
  5 hobgoblins
  7 jackals
  11 kobolds
  5 quokkas
  A ball python (D:3)
  14 bats
  4 frilled lizards
  A leopard gecko skeleton (D:8)
  A quokka skeleton (D:4)
  10 rats
  2 fungi (D:9)
  A plant (D:9)
394 creatures vanquished.

Vanquished Creatures (collateral kills)
  A crimson imp (D:6)
  An orc priest (D:6)
  3 orcs (D:6)
5 creatures vanquished.

Vanquished Creatures (others)
  An adder skeleton (D:6)
  18 fungi (D:9)
  10 plants (D:9)
29 creatures vanquished.

Grand Total: 428 creatures vanquished

Notes
Turn   | Place    | Note
-------+----------+-------------------------------------------
     0 | D:1      | KristoblXynda the Demonspawn Gladiator began the quest for the Orb.
     0 | D:1      | Reached XP level 1. HP: 16/16 MP: 1/1
   122 | D:1      | Gained mutation: You have a pair of small horns on your head. [demonic ancestry]
   122 | D:1      | Reached XP level 2. HP: 22/22 MP: 2/2
   218 | D:1      | Reached skill level 3 in Long Blades
   491 | D:1      | Reached XP level 3. HP: 25/27 MP: 3/3
   703 | D:2      | Reached skill level 1 in Armour
  1600 | D:3      | Noticed an ogre
  1618 | D:3      | HP: 1/27 [ogre/giant club (6)]
  1621 | D:3      | Killed an ogre
  1621 | D:3      | Reached skill level 4 in Long Blades
  1621 | D:3      | Reached XP level 4. HP: 1/33 MP: 4/4
  1862 | D:3      | Gained mutation: You have a pair of horns on your head. [demonic ancestry]
  1862 | D:3      | Reached XP level 5. HP: 32/38 MP: 5/5
  2228 | D:3      | Noticed an ogre
  2284 | D:3      | HP: 1/38 [something/magic dart (11)]
  2602 | D:3      | Killed an ogre
  2602 | D:3      | Gained mutation: When hurt, damage is shared between your health and your magic reserves. [demonic ancestry]
  2602 | D:3      | Reached XP level 6. HP: 39/44 MP: 6/6
  2806 | D:3      | Found a radiant altar of Vehumet.
  3213 | D:4      | Reached skill level 5 in Long Blades
  3368 | D:4      | Found the +4 Vampire's Tooth {vamp}
  3679 | D:5      | Entered Level 5 of the Dungeon
  3726 | D:5      | Gained mutation: You regenerate magic rapidly. [demonic ancestry]
  3726 | D:5      | Reached XP level 7. HP: 5/50 MP: 1/7
  3852 | D:5      | Noticed Menkaure
  3868 | D:5      | Killed Menkaure
  3868 | D:5      | Reached skill level 1 in Evocations
  4018 | D:5      | Got a blackened war axe
  4019 | D:5      | Identified the +10 war axe "Ahuvvaant" {elec, rC- Str+3 Dex+6} (You found it on level 5 of the Dungeon)
  4117 | D:5      | Noticed Edmund
  4168 | D:5      | Killed Edmund
  4168 | D:5      | Reached skill level 5 in Armour
  4231 | D:5      | Reached skill level 6 in Long Blades
  4278 | D:5      | Found a staircase to the Ecumenical Temple.
  4487 | Temple   | Entered the Ecumenical Temple
  4762 | Temple   | Became a worshipper of Warmaster Okawaru
  4867 | D:6      | Gained mutation: Your flesh is heat resistant. (rF+) [demonic ancestry]
  4867 | D:6      | Reached XP level 8. HP: 56/56 MP: 8/10
  5232 | D:6      | Reached * piety under Okawaru
  5268 | D:6      | Got a dazzling war axe {freeze}
  5618 | D:6      | Identified the cursed +1 war axe of Eternal Vigilance {freeze, +Fly rElec Int+6} (You took it off an orc warrior on level 6 of the Dungeon)
  5984 | D:7      | Reached skill level 7 in Long Blades
  6091 | D:7      | Reached skill level 5 in Evocations
  6091 | D:7      | Gained mutation: You have a pair of large horns on your head. [demonic ancestry]
  6091 | D:7      | Reached XP level 9. HP: 23/61 MP: 7/12
  6540 | D:7      | Reached ** piety under Okawaru
  6540 | D:7      | Reached skill level 1 in Invocations
  6680 | D:7      | Noticed Mamutox's ghost (novice HOFi)
  7906 | D:8      | Reached skill level 8 in Long Blades
  8235 | D:8      | Found Zidweuc's Food Emporium.
  8560 | D:9      | Reached skill level 5 in Invocations
  8563 | D:9      | Reached *** piety under Okawaru
  8573 | D:9      | Found a staircase to the Lair.
  8598 | D:9      | Gained mutation: You are partially covered in slimy green scales. (AC +2) [demonic ancestry]
  8598 | D:9      | Reached XP level 10. HP: 23/67 MP: 7/14
  8648 | D:9      | Noticed a two-headed ogre
  8652 | D:9      | Noticed Erica
  8944 | D:9      | Noticed a two-headed ogre
  8947 | D:9      | Killed a two-headed ogre
  8947 | D:9      | Reached **** piety under Okawaru
  8947 | D:9      | Reached skill level 9 in Long Blades
  9055 | D:9      | Killed a two-headed ogre
  9055 | D:9      | Reached ***** piety under Okawaru
  9062 | D:9      | Got a fine chain mail
  9073 | D:9      | Identified the +5 chain mail of the Gloaming {rElec rPois Str-5 Dex+2} (You found it on level 9 of the Dungeon)
  9279 | D:9      | Killed Erica
  9504 | D:10     | Entered Level 10 of the Dungeon
  9624 | D:10     | Received a gift from Okawaru
  9773 | D:10     | Noticed Maurice
  9974 | D:10     | Noticed a two-headed ogre
  9982 | D:10     | Killed a two-headed ogre
  9982 | D:10     | Received a gift from Okawaru
  9982 | D:10     | Gained mutation: You are immune to clouds of flame. [demonic ancestry]
  9982 | D:10     | Reached XP level 11. HP: 61/72 MP: 13/17
  9990 | D:10     | Killed Maurice
 10161 | D:10     | Noticed Grum
 10172 | D:10     | Killed Grum
 10172 | D:10     | Reached skill level 10 in Long Blades
 10230 | D:10     | Noticed Josephine
 10585 | D:10     | Killed Josephine
 10600 | D:10     | Found a staircase to the Orcish Mines.
 10635 | D:10     | Reached skill level 10 in Invocations
 11547 | D:11     | Received a gift from Okawaru
 11547 | D:11     | Reached skill level 10 in Armour
 11677 | D:11     | Noticed a two-headed ogre
 11691 | D:11     | Killed a two-headed ogre
 11982 | D:12     | Got a coiled lapis lazuli ring
 11984 | D:12     | Identified the ring "Hoossul" {MR+ Str+3 Int+9} (You found it on level 12 of the Dungeon)
 11985 | D:12     | Found a shattered altar of Ashenzari.
 12066 | D:12     | Noticed a two-headed ogre
 12083 | D:12     | Killed a two-headed ogre
 12183 | D:12     | Noticed a seven-headed hydra
 12198 | D:12     | Killed a two-headed hydra
 12257 | D:12     | Noticed a two-headed ogre
 12268 | D:12     | Killed a two-headed ogre
 12268 | D:12     | Reached skill level 11 in Long Blades
 12447 | D:12     | Gained mutation: You are mostly covered in slimy green scales. (AC +3) [demonic ancestry]
 12447 | D:12     | Reached XP level 12. HP: 78/78 MP: 19/19
 12452 | D:12     | Noticed a seven-headed hydra
 12458 | D:12     | Killed a three-headed hydra
 12547 | D:12     | Noticed a seven-headed hydra
 12551 | D:12     | Killed a four-headed hydra
 12551 | D:12     | Reached skill level 5 in Throwing
 12551 | D:12     | Reached skill level 5 in Dodging
 12844 | D:13     | Received a gift from Okawaru
 12886 | D:13     | Found a shimmering altar of Xom.
 13023 | D:13     | Noticed a two-headed ogre
 13035 | D:13     | Killed a two-headed ogre
 13180 | D:13     | Noticed a vault guard
 13200 | D:13     | Killed a vault guard
 13200 | D:13     | Reached ****** piety under Okawaru
 13200 | D:13     | Received a gift from Okawaru
 13203 | D:13     | Paralysed by a wizard for 2 turns
 13249 | D:13     | Noticed a vault guard
 13255 | D:13     | Reached skill level 12 in Long Blades
 13278 | D:13     | Killed a vault guard
 13316 | D:13     | Found a gate to the Vaults.
 13578 | D:13     | Noticed a centaur warrior
 13583 | D:13     | Killed a centaur warrior
 13650 | D:14     | Gained mutation: You resist negative energy. (rN+) [demonic ancestry]
 13650 | D:14     | Reached XP level 13. HP: 83/83 MP: 20/20
 14480 | D:15     | Entered Level 15 of the Dungeon
 14488 | D:15     | Received a gift from Okawaru
 14777 | D:15     | Found a staircase to the Depths.
 14894 | D:15     | Reached skill level 13 in Long Blades
 15006 | D:15     | Mangled by a large slime creature

Vault maps used:
D:1:      denvon_arrival_planthouse
D:2:      kennysheep_cross_room
D:3:      vehumet_crystals
D:4:      first_bread, minmay_guarded_unrand_vampires_tooth
D:5:      lemuel_temple_firewalk_a, uniq_edmund, uniq_menkaure
D:8:      serial_shops, kennysheep_mini, hangedman_little_slice_of_home,
          nrook_mini_vaults
D:9:      due_lair_maze_entry_diamond, minivault_25, uniq_erica
D:10:     erik_rubicon_a, orc_0_dummy, uniq_josephine, uniq_grum, uniq_maurice
D:11:     st_stairs_10
D:12:     nicolae_ashenzari_panopticon
D:13:     grunt_vaults_entry_tiered, minmay_misc_feat_chi, tgw_xom
D:14:     minmay_misc_feat_room, minmay_tree_intersection,
          palyth_stone_intersect
D:15:     grunt_enter_depths_hoard, portal_ice_cave_rime, grunt_dithmenos_smoke,
          serial_bayou_pond_b, kennysheep_four_rooms
Temple:   roderic_octagonal_lattice_temple

Skill      XL: |  1  2  3  4  5  6  7  8  9 10 11 12 13 |
---------------+----------------------------------------+-----
Throwing       | 2 4 7 9 |  9.0
Dodging        | 3 4 7 9 |  9.0
Long Blades    | 3 4 5 6 7 8 9 11 12 13 | 13.1
Armour         | 2 3 4 5 6 7 9 10 | 10.1
Evocations     | 3 5 |  5.3
Invocations    | 5 9 10 | 10.2
Fighting       | |  2.0

Action                   |  1- 3 |  4- 6 |  7- 9 | 10-12 | 13-15 || total
-------------------------+-------+-------+-------+-------+-------++-------
Melee: Long sword        |    97 |   119 |   337 |    60 |       ||   613
       Headbutt          |    13 |    28 |   125 |   169 |    68 ||   403
       Dagger            |       |    31 |   143 |       |       ||   174
       Scimitar          |       |       |       |   529 |   213 ||   742
       Unarmed           |       |       |       |     3 |       ||     3
Throw: Throwing net      |     2 |       |     1 |     1 |       ||     4
       Javelin           |       |       |       |    15 |       ||    15
Evoke: Wand              |       |       |     2 |    11 |       ||    13
  Use: Scroll            |       |    13 |     8 |    12 |     6 ||    39
       Potion            |       |     4 |     7 |     5 |     5 ||    21
 Stab: Sleeping          |     2 |       |       |       |       ||     2
       Held in net/web   |     1 |       |     1 |     2 |       ||     4
  Eat: Royal jelly       |     1 |       |     1 |     2 |       ||     4
       Chunk             |       |     6 |    13 |    28 |     4 ||    51
       Bread ration      |       |     2 |       |       |       ||     2
Armor: Leather armour    |     9 |       |       |       |       ||     9
       Ring mail         |    29 |    73 |       |       |       ||   102
       Scale mail        |       |    22 |       |       |       ||    22
       Chain mail        |       |     3 |   189 |   332 |   130 ||   654
       Skin              |       |       |    92 |     1 |       ||    93
Dodge: Dodged            |    76 |   147 |   268 |   511 |   208 ||  1210
       Rpst.: Long sword |    24 |    41 |    85 |    10 |       ||   160
       Scimitar          |       |       |       |   119 |    41 ||   160

Table legend:
 A = Spawn XP
 B = Non-spawn XP
 C = Spawn XP percentage of total XP
 D = Spawn monster count
 E = Non-spawn monster count
 F = Spawn count percentage of total count
 G = Total turns spent on level
                    A         B        C        D         E        F      G
               +---------+---------+-------+---------+---------+-------+---------
         Total |       0 |   59251 |   0.0 |       0 |     396 |   0.0 | 15006
               +---------+---------+-------+---------+---------+-------+---------
           D:1 |       0 |      42 |   0.0 |       0 |      25 |   0.0 |   598
           D:2 |       0 |      15 |   0.0 |       0 |       7 |   0.0 |   941
           D:3 |       0 |     412 |   0.0 |       0 |      42 |   0.0 |  1377
           D:4 |       0 |     239 |   0.0 |       0 |      19 |   0.0 |   763
           D:5 |       0 |     672 |   0.0 |       0 |      14 |   0.0 |   881
           D:6 |       0 |     976 |   0.0 |       0 |      21 |   0.0 |  1070
           D:7 |       0 |    1320 |   0.0 |       0 |      26 |   0.0 |  1506
           D:8 |       0 |    1110 |   0.0 |       0 |      29 |   0.0 |  1034
           D:9 |       0 |    4763 |   0.0 |       0 |      30 |   0.0 |  1038
          D:10 |       0 |    5960 |   0.0 |       0 |      33 |   0.0 |  1865
          D:11 |       0 |    2257 |   0.0 |       0 |      23 |   0.0 |   591
          D:12 |       0 |    7156 |   0.0 |       0 |      32 |   0.0 |   800
          D:13 |       0 |   12979 |   0.0 |       0 |      44 |   0.0 |   885
          D:14 |       0 |    6225 |   0.0 |       0 |      15 |   0.0 |   835
          D:15 |       0 |   15125 |   0.0 |       0 |      36 |   0.0 |   526
               +---------+---------+-------+---------+---------+-------+---------
